Unix NetHack Version 3.7.0-97 Work-in-progress - last build Feb 8 2024 15:05:57 (6d6cdf8371b60126770a3d7b88910941cb14a054,branch:master). Game began 2024-02-11 13:04:51, ended 2024-02-11 16:07:09. spontiff, neutral male gnomish Healer ----- |.M.| |.|.| ---- |.|.| |.... |.|.| ---.-.- |B|.| |.....| |.-----.---.| |.......|...| ---------.--- |...| ----- |.|.| |.....|.|.| |.----|.--- |.....|.^.| -----.---.| |.......| |.---.--- |.....| ------- Spontiff the Rhizotomist St:9 Dx:8 Co:16 In:11 Wi:15 Ch:17 Neutral S:550 Dlvl:12 $:67 HP:0(24) Pw:2(4) AC:-3 Xp:1/0 T:4366 Latest messages: You begin bashing monsters with your cream pie. You miss the human mummy. The human mummy hits! The human mummy hits again! #asdkjfhaksdhfasd: unknown extended command. What do you want to drink? [c or ?*] c You feel much better. The human mummy misses! The human mummy misses! What do you want to put on? [bLR or ?*] L Which ring-finger, Right or Left? [rl] l Gee! All of a sudden, you can't see yourself. L - an uncursed ring of invisibility (on left hand). The human mummy hits! The human mummy just misses! The human mummy strikes at thin air! You feel your magical energy drain away! Pick an object. #four ps??: unknown extended command. You hear the splashing of a naiad. #pw: unknown extended command. #fuck right off: unknown extended command. You feel tough! You must have been leading a healthy life-style. You see here a red gem. f - a red gem (2 in total). The human mummy hits! The human mummy misses! The cream pie splashes over the human mummy's face! The human mummy hits! The human mummy misses! What do you want to use or apply? [kloswxPSXY or ?*] # You don't have that object. What do you want to use or apply? [kloswxPSXY or ?*] Never mind. The human mummy hits! The human mummy hits again! What do you want to use or apply? [kloswxPSXY or ?*] l What do you want to rub on the stone? [$b-df-hklnoq-su-yAHKLP-SW-Z or ?*] k You make scratch marks on the stone. What do you want to drop? [$b-df-hklnoq-su-yAHKLP-SW-Z or ?*] s You drop an uncursed stethoscope. The human mummy misses! The human mummy hits! s - an uncursed stethoscope. The human mummy hits! The human mummy hits again! You die... Do you want your possessions identified? [ynq] (y) y Do you want to see the dungeon overview? [ynq] (y) q Inventory: Coins $ - 67 gold pieces Weapons W - an uncursed +0 arrow Armor h - an uncursed +0 dwarvish iron helm (being worn) g - an uncursed +1 pair of leather gloves (being worn) v - a blessed +2 pair of iron shoes (being worn) r - an uncursed +0 small shield (being worn) q - an uncursed +0 dwarvish cloak (being worn) Z - an uncursed +0 dwarvish cloak Comestibles y - an uncursed apple n - 5 uncursed food rations Scrolls d - an uncursed scroll of remove curse Potions c - 3 uncursed potions of extra healing Rings L - an uncursed ring of invisibility (on left hand) b - an uncursed ring of shock resistance R - an uncursed ring of sustain ability Wands S - an uncursed wand of sleep (0:5) Tools x - an uncursed brass lantern (lit) P - an uncursed crystal ball (0:4) o - an uncursed magic whistle w - an uncursed mirror named Po Ty X - an uncursed oil lamp k - an uncursed skeleton key s - an uncursed stethoscope Y - 2 uncursed tallow candles Gems/Stones Q - an uncursed amber stone u - an uncursed jet stone f - 2 uncursed rubies A - an uncursed worthless piece of blue glass K - an uncursed worthless piece of orange glass H - 2 uncursed worthless pieces of yellowish brown glass l - an uncursed flint stone Spontiff the Healer's attributes: Background: You were a Rhizotomist, a level 1 male gnomish Healer. You were neutral, on a mission for Hermes who was opposed by Athena (lawful) and Poseidon (chaotic). You were right-handed. You were in the Gnomish Mines, on level 12. You entered the dungeon 4366 turns ago. There was a new moon in effect when your adventure ended. You had 0 experience points, 20 were needed to attain level 2. Your score was 550 before end-of-game adjustments. Basics: You had 0 out of 24 hit points. You had 2 out of 4 energy points (spell power). Your armor class was -3. Your wallet contained 67 zorkmids. Autopickup was on for '$!/="?' plus thrown, with exceptions. Final Characteristics: Your strength was 9 (limit:18/50). Your dexterity was 8 (peak:9, limit:18). Your constitution was 16 (limit:18). Your intelligence was 11 (limit:19). Your wisdom was 15 (limit:18). Your charisma was 17 (limit:18). Final Status: You weren't hungry. You were unencumbered. You were empty handed. You were unskilled in bare handed combat. Final Attributes: You were devoutly aligned. Your items were somewhat protected from fire. Your items were somewhat protected from cold. You were poison resistant. You were telepathic. You had infravision. You were invisible. You had a small defense bonus (+4). You were warded. You are dead. Miscellaneous: You never encountered a bones level. Total elapsed playing time was 1 hour, 16 minutes and 8 seconds. Major events: Turn 1: spontiff the neutral male gnomish Healer entered the dungeon 2376: entered the Gnomish Mines 3149: reached Mine Town 4366: killed by a human mummy Vanquished creatures: a large mimic 2 watchmen a gnome leader 5 dwarves a homunculus a giant bat an acid blob a coyote 4 hobbits a hobgoblin 3 giant rats 2 cave spiders a brown mold 2 yellow molds a green mold 3 gnomes 4 geckos 17 jackals a fox a kobold a goblin 5 sewer rats 5 grid bugs 2 bats 9 lichens 4 kobold zombies 19 newts 98 creatures vanquished. No species were genocided or became extinct. Voluntary challenges: You never hit with a wielded weapon. You were a pacifist. You read items or engraved 1 time. You never engraved Elbereth. You never genocided any monsters. You never polymorphed an object. You never changed form. You used no wishes. Achievements: You entered the Gnomish Mines. You entered Minetown. You entered a shop. You entered a temple. The Dungeons of Doom: levels 1 to 5 Level 1: "Stashlet" An altar, some fountains. Level 2: "vault; minefield room" Some fountains, a sink. Level 3: Stairs down to The Gnomish Mines. Level 4: Many altars, some fountains. Level 5: The Gnomish Mines: levels 4 to 12 Level 4: Level 5: "Stashlet" Level 6: Some shops, a temple and an altar, some fountains, some trees. Level 7: Level 8: Level 9: Level 12: <- You were here. Final resting place for you, killed by a human mummy. Game over: ---------- / \ / REST \ / IN \ / PEACE \ / \ | spontiff | | 67 Au | | killed by a | | human mummy | | | | | | 2024 | *| * * * | * _________)/\\_//(\/(/\)/\//\/|_)_______ Goodbye spontiff the Healer... You died in The Gnomish Mines on dungeon level 12 with 550 points, and 67 pieces of gold, after 4366 moves. You were level 1 with a maximum of 24 hit points when you died.